 Dungeon Crawl Stone Soup version 0.29.0-4-gdea44cf6ec (webtiles) character file.

Game seed: 1978298454054876886

773 qw the Protected (level 7, -5/57 HPs)
             Began as a Ghoul Fire Elementalist on Aug 29, 2022.
             Slain by Pikel
             ... wielding a +2 whip of electrocution
              (12 damage)
             ... on level 5 of the Dungeon.
             The game lasted 00:04:17 (5007 turns).

qw the Protected (Ghoul Fire Elementalist)          Turns: 5007, Time: 00:04:17

Health: -5/57      AC: 19    Str: 20    XL:     7   Next: 83%
Magic:  8/8        EV:  7    Int: 10    God:
Gold:   237        SH:  0    Dex:  9    Spells: 8/9 levels left

rFire   . . .      SeeInvis .     - Unarmed
rCold   + + .      Faith    .   (no shield)
rNeg    + + +      Spirit   .   l - +0 plate armour
rPois   inf        Reflect  .   (no helmet)
rElec   .          Harm     .   (no cloak)
rCorr   .          Rampage  .   (no gloves)
Will    .....                   a - +3 pair of mountain boots {steadfast, rC+}
Stlth   ..........              b - amulet of the acrobat
HPRegen 0.00/turn               c - +6 ring of strength
MPRegen 0.11/turn               (no ring)

@: inhibited regen
A: claws 1, cold resistance 1, negative energy resistance 3, inhibited
regeneration, torment resistance 2, devour on kill
a: no special abilities


You were on level 5 of the Dungeon.
You visited 2 branches of the dungeon, and saw 7 of its levels.

You collected 279 gold pieces.
You spent 42 gold pieces at shops.


Innate Abilities, Weirdness & Mutations

You are immune to poison.
You have sharp fingernails.
Your flesh is cold resistant. (rC+)
You are immune to negative energy. (rN+++)
You do not regenerate when monsters are visible.
You are immune to unholy pain and torment.
You thrive by killing the living.


   Skills:
 - Level 3.3 Fighting
 - Level 10.8 Armour
 - Level 1.7 Dodging
 - Level 2.1 Stealth
 + Level 6.3 Unarmed Combat
 - Level 1.7 Spellcasting
 - Level 0.7 Conjurations
 - Level 2.4 Fire Magic


You had 8 spell levels left.
You knew the following spells:

 Your Spells              Type           Power      Damage    Failure   Level
a - Foxfire               Conj/Fire      16%        2x1d4     95%         1

Your spell library contained the following spells:

 Spells                   Type           Power      Damage    Failure   Level
 Scorch                   Fire           10%        2d5       96%         2
 Conjure Flame            Conj/Fire      4%         6-21      100%        3
 Inner Flame              Hex/Fire       3%         N/A       100%        3
 Flame Wave               Conj/Fire      4%         2d5       100%        4

Inventory:

Armour
 a - the +3 pair of mountain boots (worn) {steadfast, rC+}
   (You acquired it on level 2 of the Dungeon)

   It prevents involuntary movement, except for blinking, teleportation, or
   banishment.
   rC:        It protects you from cold.
 l - a +0 plate armour (worn)
Jewellery
 b - an amulet of the acrobat (around neck)
 c - a +6 ring of strength (left claw)
Scrolls
 h - a scroll of identify
Potions
 e - a potion of mutation
 k - a potion of cancellation {unknown}

Dungeon Overview and Level Annotations

Branches:
Dungeon (6/15)             Temple (1/1) D:5

Altars:
Ashenzari
Cheibriados
Dithmenos
Fedhas
Hepliaklqana
Kikubaaqudgha
Makhleb
Qazlal
Ru
Sif Muna
Trog
Uskayaw
Vehumet
Wu Jian
Xom
Yredelemnul

Shops:
D:1 *

Annotations:
D:2 1 runed translucent door, Crazy Yiuf
D:5 Pikel


Message History

The lemure is lightly wounded.
The lemure hits you but does no damage.
4996 ||| Stepping ~*~*~tactically~*~*~ (outnumbered).
Pikel attacks as you move away!
Pikel hits you with a +2 whip of electrocution.
There is a stone staircase leading up here.
4997 ||| Stepping ~*~*~tactically~*~*~ (outnumbered).
4998 ||| Stepping ~*~*~tactically~*~*~ (outnumbered).
4999 ||| Stepping ~*~*~tactically~*~*~ (outnumbered).
You scratch Pikel.
Pikel is heavily wounded.
The lemure hits you but does no damage. Pikel hits you but does no damage.
You completely miss Pikel.
Pikel is moderately wounded.
The lemure hits you but does no damage.
Pikel says, "You'll burn in Gehenna!"
Pikel hits you with a +2 whip of electrocution.
You scratch Pikel.
Pikel is heavily wounded.
The lemure hits you but does no damage.
Pikel hits you with a +2 whip of electrocution.
You scratch Pikel.
Pikel is heavily wounded.
The lemure hits you but does no damage.
Pikel hits you with a +2 whip of electrocution.
You closely miss Pikel.
Pikel is heavily wounded.
The lemure hits you.
Pikel hits you with a +2 whip of electrocution.
You miss Pikel.
Pikel is heavily wounded.
The lemure barely misses you. Pikel hits you but does no damage.
You closely miss Pikel.
Pikel is heavily wounded.
You scratch Pikel.
Pikel is severely wounded.
The lemure hits you but does no damage.
Pikel hits you with a +2 whip of electrocution.
You are electrocuted!
You die...

#...#.....
##..#.....
#####........
#..#.........
#.........#..
##........... ####
#.....###...
##..####.....###..
#@5..##..#........
##K.<......P.P...#
#..#......._....#
##.#......P.P...#
#..#.###.........
##....#........##
##.####........#
#.# #......... ###
########..


You could see Pikel and a lemure.

Vanquished Creatures
  An orc warrior (D:5)
  A phantom (D:4)
  A lemure (D:6)
  2 scorpions
  3 hounds
  2 iguanas
  Ijyb (D:4)
  An orc wizard (D:5)
  4 adders
  An ufetubus (D:5)
  A worm (D:2)
  4 orcs
  5 ball pythons
  9 bats
  8 endoplasms
  A giant cockroach (D:1)
  3 goblins
  4 hobgoblins
  3 quokkas
  A frilled lizard (D:3)
  A kobold (D:3)
  4 rats
61 creatures vanquished.

Notes
Turn   | Place    | Note
-------+----------+-------------------------------------------
     0 | D:1      | qw the Ghoul Fire Elementalist began the quest for the Orb.
     0 | D:1      | Reached XP level 1. HP: 14/14 MP: 2/2
     0 | D:1      | 0 ||| qw: Version: 0.1-a-90-g952f4b7
     0 | D:1      | 0 ||| qw: Game counter: 3731
     0 | D:1      | 0 ||| qw: Always use a shield: true
     0 | D:1      | 0 ||| qw: God list: Okawaru
     0 | D:1      | 0 ||| qw: Allow faded altars: false
     0 | D:1      | 0 ||| qw: Do Orc after D:15 true
     0 | D:1      | 0 ||| qw: Do second Lair branch before Depths: true
     0 | D:1      | 0 ||| qw: Lair rune preference: random
     0 | D:1      | 0 ||| qw: Plans: Normal
     0 | D:1      | 0 ||| PLANNING D:1-11
   212 | D:1      | Reached skill level 1 in Unarmed Combat
   440 | D:1      | Reached skill level 1 in Fighting
   440 | D:1      | Reached XP level 2. HP: 23/23 MP: 3/3
   988 | D:1      | 988 ||| Stepping ~*~*~tactically~*~*~ (outnumbered).
  1095 | D:1      | Found Afafi's Assorted Antiques.
  1137 | D:1      | 1137 ||| SHOPLISTING lumpy diamond amulet (105 gold, have
                  | 47).
  1137 | D:1      | 1137 ||| BUYING scroll labelled DUCUAZ RUPUXE (21 gold).
  1137 | D:1      | Bought a scroll labelled DUCUAZ RUPUXE for 21 gold pieces
  1137 | D:1      | 1137 ||| BUYING scroll labelled SEUKHAUSAE (21 gold).
  1137 | D:1      | Bought a scroll labelled SEUKHAUSAE for 21 gold pieces
  1137 | D:1      | 1137 ||| SHOPLISTING scroll labelled XURIPO DOMICH (21
                  | gold, have 5).
  1349 | D:1      | 1349 ||| UPGRADING to +0 ring mail.
  1359 | D:1      | 1359 ||| DROPPING +0 robe.
  1360 | D:1      | 1360 ||| UPGRADING to +6 ring of strength.
  1361 | D:1      | 1361 ||| READING 2 scrolls labelled DUCUAZ RUPUXE.
  1362 | D:1      | 1362 ||| READING scroll labelled SEUKHAUSAE.
  1363 | D:1      | 1363 ||| READING scroll labelled XURIPO DOMICH.
  1368 | D:1      | 1368 ||| DROPPING potion of magic.
  1512 | D:2      | Reached XP level 3. HP: 26/28 MP: 4/4
  1686 | D:2      | Reached skill level 3 in Unarmed Combat
  1758 | D:2      | Found a runed translucent door.
  1759 | D:2      | Noticed Crazy Yiuf
  1854 | D:2      | Identified the +6 dagger "Undertaker" {freeze, Str+3}
  2140 | D:2      | 2140 ||| DROPPING scarf of harm.
  2141 | D:2      | 2141 ||| READING scroll labelled FADELA YFUNGU.
  2142 | D:2      | 2142 ||| READING scroll labelled HOHESU PYMARPH.
  2142 | D:2      | Identified a scroll of acquirement
  2142 | D:2      | 2142 ||| ACQUIRING +3 pair of mountain boots {steadfast,
                  | rC+}
  2142 | D:2      | Acquired the +3 pair of mountain boots {steadfast, rC+}
  2142 | D:2      | Found the +3 pair of mountain boots {steadfast, rC+}
  2144 | D:2      | 2144 ||| UPGRADING to +3 pair of mountain boots {steadfast,
                  | rC+}.
  2149 | D:2      | 2149 ||| READING scroll labelled BEHO EBEDUWIW.
  2150 | D:2      | 2150 ||| READING scroll labelled MAAPRA FIENYXE.
  2151 | D:2      | 2151 ||| DRINKING 3 lumpy blue potions.
  2152 | D:2      | 2152 ||| DRINKING 2 smoky red potions.
  2153 | D:2      | 2153 ||| DROPPING potion of flight.
  2360 | D:3      | Reached XP level 4. HP: 35/35 MP: 5/5
  2496 | D:3      | Found a faded altar of an unknown god.
  2889 | D:3      | 2889 ||| UPGRADING to amulet of the acrobat.
  2894 | D:3      | 2894 ||| READING 2 scrolls labelled WAGOIH LIMUEN.
  2895 | D:3      | 2895 ||| DRINKING 2 inky potions.
  2896 | D:3      | 2896 ||| DRINKING 2 lumpy golden potions.
  2897 | D:3      | 2897 ||| DROPPING scroll of immolation.
  2898 | D:3      | 2898 ||| DROPPING potion of brilliance.
  2899 | D:3      | 2899 ||| DROPPING potion of lignification.
  2900 | D:3      | 2900 ||| DROPPING scroll of amnesia.
  3057 | D:4      | Noticed a phantom
  3067 | D:4      | Killed a phantom
  3068 | D:4      | Reached skill level 3 in Fighting
  3068 | D:4      | Reached XP level 5. HP: 42/45 MP: 6/6
  3130 | D:4      | Noticed Ijyb
  3154 | D:4      | Killed Ijyb
  3323 | D:4      | Identified the +1 robe "Catala Naom" {+Blink rC+ Str-5
                  | Int+7}
  3722 | D:4      | 3722 ||| UPGRADING to +0 chain mail.
  3732 | D:4      | 3732 ||| DROPPING +0 ring mail.
  3733 | D:4      | 3733 ||| READING 3 scrolls labelled EWIUVAI WIDA.
  3734 | D:4      | 3734 ||| READING scroll labelled AZOVAG NAPSOGO.
  3735 | D:4      | 3735 ||| READING 3 scrolls of identify.
  3735 | D:4      | 3735 ||| IDENTIFYING fuming coppery potion
  3736 | D:4      | 3736 ||| READING 2 scrolls of identify.
  3736 | D:4      | 3736 ||| IDENTIFYING metallic inky potion
  3737 | D:4      | 3737 ||| DRINKING potion of experience.
  3737 | D:4      | Reached skill level 10 in Armour
  3737 | D:4      | Reached XP level 6. HP: 51/51 MP: 7/7
  3738 | D:4      | 3738 ||| DROPPING 2 scrolls of butterflies.
  3785 | D:5      | Entered Level 5 of the Dungeon
  3787 | D:5      | Found a staircase to the Ecumenical Temple.
  3788 | D:5      | 3788 ||| PLANNING TEMPLE
  3851 | D:5      | 3851 ||| Stepping ~*~*~tactically~*~*~ (stealth).
  3866 | D:5      | Reached XP level 7. HP: 50/57 MP: 8/8
  3904 | Temple   | Entered the Ecumenical Temple
  4073 | Temple   | 4073 ||| PLANNING D:1-11
  4110 | D:5      | 4110 ||| Stepping ~*~*~tactically~*~*~ (outnumbered).
  4111 | D:5      | 4111 ||| Stepping ~*~*~tactically~*~*~ (outnumbered).
  4112 | D:5      | 4112 ||| Stepping ~*~*~tactically~*~*~ (outnumbered).
  4113 | D:5      | 4113 ||| Stepping ~*~*~tactically~*~*~ (outnumbered).
  4114 | D:5      | 4114 ||| Stepping ~*~*~tactically~*~*~ (outnumbered).
  4115 | D:5      | 4115 ||| Stepping ~*~*~tactically~*~*~ (outnumbered).
  4116 | D:5      | 4116 ||| Stepping ~*~*~tactically~*~*~ (outnumbered).
  4117 | D:5      | 4117 ||| Stepping ~*~*~tactically~*~*~ (outnumbered).
  4118 | D:5      | 4118 ||| Stepping ~*~*~tactically~*~*~ (outnumbered).
  4119 | D:5      | 4119 ||| Stepping ~*~*~tactically~*~*~ (outnumbered).
  4122 | D:5      | 4122 ||| Stepping ~*~*~tactically~*~*~ (outnumbered).
  4351 | D:5      | Found a blossoming altar of Fedhas.
  4637 | D:5      | 4637 ||| UPGRADING to +0 plate armour.
  4647 | D:5      | 4647 ||| DROPPING +0 chain mail.
  4648 | D:5      | 4648 ||| READING scroll labelled ATILASHRE MEVIL.
  4649 | D:5      | 4649 ||| READING scroll labelled HANWYSA VOIM.
  4682 | D:6      | Reached skill level 6 in Unarmed Combat
  4749 | D:6      | 4749 ||| Stepping ~*~*~tactically~*~*~ (stealth).
  4752 | D:6      | Noticed Pikel
  4755 | D:6      | 4755 ||| Stepping ~*~*~tactically~*~*~ (stealth).
  4763 | D:6      | 4763 ||| Stepping ~*~*~tactically~*~*~ (stealth).
  4767 | D:6      | 4767 ||| Stepping ~*~*~tactically~*~*~ (stealth).
  4770 | D:6      | 4770 ||| FLEEEEING.
  4771 | D:6      | 4771 ||| FLEEEEING.
  4772 | D:6      | 4772 ||| FLEEEEING.
  4773 | D:6      | 4773 ||| FLEEEEING.
  4774 | D:6      | 4774 ||| FLEEEEING.
  4775 | D:6      | 4775 ||| FLEEEEING.
  4776 | D:6      | 4776 ||| FLEEEEING.
  4777 | D:6      | 4777 ||| FLEEEEING.
  4778 | D:6      | 4778 ||| FLEEEEING.
  4779 | D:6      | 4779 ||| FLEEEEING.
  4780 | D:6      | 4780 ||| FLEEEEING.
  4781 | D:6      | 4781 ||| FLEEEEING.
  4782 | D:6      | 4782 ||| FLEEEEING.
  4783 | D:6      | 4783 ||| FLEEEEING.
  4784 | D:6      | 4784 ||| FLEEEEING.
  4785 | D:6      | 4785 ||| FLEEEEING.
  4786 | D:6      | 4786 ||| FLEEEEING.
  4787 | D:6      | 4787 ||| STAIRDANCE
  4821 | D:6      | 4821 ||| STAIRDANCE
  4823 | D:5      | 4823 ||| Stepping ~*~*~tactically~*~*~ (outnumbered).
  4824 | D:5      | 4824 ||| Stepping ~*~*~tactically~*~*~ (outnumbered).
  4825 | D:5      | 4825 ||| Stepping ~*~*~tactically~*~*~ (outnumbered).
  4826 | D:5      | 4826 ||| Stepping ~*~*~tactically~*~*~ (outnumbered).
  4827 | D:5      | 4827 ||| Stepping ~*~*~tactically~*~*~ (outnumbered).
  4827 | D:5      | HP: 12/57 [Pikel/+2 whip of electrocution (9)]
  4828 | D:5      | 4828 ||| READING 2 scrolls of teleportation.
  4829 | D:5      | 4829 ||| DRINKING 2 potions of heal wounds.
  4830 | D:5      | 4830 ||| Stepping ~*~*~tactically~*~*~ (outnumbered).
  4863 | D:5      | HP: 11/57 [Pikel/+2 whip of electrocution (17)]
  4864 | D:5      | 4864 ||| READING scroll of teleportation.
  4865 | D:5      | 4865 ||| DRINKING potion of heal wounds.
  4909 | D:5      | 4909 ||| FLEEEEING.
  4910 | D:5      | 4910 ||| FLEEEEING.
  4911 | D:5      | 4911 ||| FLEEEEING.
  4912 | D:5      | 4912 ||| FLEEEEING.
  4913 | D:5      | 4913 ||| FLEEEEING.
  4914 | D:5      | 4914 ||| FLEEEEING.
  4915 | D:5      | 4915 ||| FLEEEEING.
  4923 | D:5      | 4923 ||| STAIRDANCE
  4985 | D:5      | 4985 ||| Stepping ~*~*~tactically~*~*~ (outnumbered).
  4986 | D:5      | 4986 ||| Stepping ~*~*~tactically~*~*~ (outnumbered).
  4987 | D:5      | 4987 ||| Stepping ~*~*~tactically~*~*~ (outnumbered).
  4988 | D:5      | 4988 ||| Stepping ~*~*~tactically~*~*~ (outnumbered).
  4989 | D:5      | 4989 ||| Stepping ~*~*~tactically~*~*~ (outnumbered).
  4990 | D:5      | 4990 ||| Stepping ~*~*~tactically~*~*~ (outnumbered).
  4991 | D:5      | 4991 ||| Stepping ~*~*~tactically~*~*~ (outnumbered).
  4992 | D:5      | 4992 ||| Stepping ~*~*~tactically~*~*~ (outnumbered).
  4993 | D:5      | 4993 ||| Stepping ~*~*~tactically~*~*~ (outnumbered).
  4996 | D:5      | 4996 ||| Stepping ~*~*~tactically~*~*~ (outnumbered).
  4997 | D:5      | 4997 ||| Stepping ~*~*~tactically~*~*~ (outnumbered).
  4998 | D:5      | 4998 ||| Stepping ~*~*~tactically~*~*~ (outnumbered).
  4999 | D:5      | 4999 ||| Stepping ~*~*~tactically~*~*~ (outnumbered).
  5004 | D:5      | HP: 13/57 [Pikel/+2 whip of electrocution (4)]
  5007 | D:5      | Slain by Pikel

Levels and vault maps discovered:
D:1:      lemuel_arrival_tunnels, layout_loops_ring, serial_shops,
          nicolae_shop_overgrown_old_shop, nrook_loot_triangle
D:2:      layout_rooms, minmay_joined_circles, uniq_crazy_yiuf_cottage
D:3:      layout_basic, overflow_temple_1_default,
          hellmonk_ecumenical_altar_blasted
D:4:      layout_loops_ring, minmay_misc_feat_five, uniq_ijyb
D:5:      layout_cave_pools, fedhas_altar_1, minmay_temple_entry_overgrown
D:6:      layout_loops_ring, ebering_ghost_sewer_d, serial_shops,
          nicolae_stop_n_shop_1, uniq_blork_the_orc, uniq_pikel, uniq_maggie
Temple:   bh_familiar_temple

Skill      XL: |  1  2  3  4  5  6  7 |
---------------+----------------------+-----
Unarmed Combat | 1 2 3 4 5 6 |  6.3
Fighting       | 1 3 |  3.3
Armour         | 10 | 10.8
Dodging        | |  1.7
Stealth        | |  2.1
Spellcasting   | |  1.7
Conjurations   | |  0.7
Fire Magic     | |  2.4

Action                   |  1- 3 |  4- 6 |  7- 9 || total
-------------------------+-------+-------+-------++-------
Melee: Unarmed           |   138 |    91 |    95 ||   324
       Punch             |     3 |     3 |     3 ||     9
  Use: Scroll            |     7 |     5 |     4 ||    16
       Potion            |     2 |     3 |     2 ||     7
 Stab: Sleeping          |     1 |       |       ||     1
Armor: Robe              |    22 |       |       ||    22
       Ring mail         |    35 |    15 |       ||    50
       Chain mail        |       |    10 |    27 ||    37
       Plate armour      |       |       |    32 ||    32
Dodge: Dodged            |    82 |    35 |    46 ||   163

Table legend:
 A = Non-vault XP
 B = Vault XP
 C = Vault XP percentage of total XP
 D = Non-vault monster count
 E = Vault monster count
 F = Vault count percentage of total count
                 A         B        C        D         E       F
            +---------+---------+-------+---------+---------+-------
      Total |     785 |      44 |   5.3 |      56 |       4 |   6.7
            +---------+---------+-------+---------+---------+-------
        D:1 |      29 |       0 |   0.0 |      16 |       0 |   0.0
        D:2 |      39 |       8 |  17.0 |      11 |       3 |  21.4
        D:3 |      32 |       0 |   0.0 |      11 |       0 |   0.0
        D:4 |     152 |      36 |  19.1 |       6 |       1 |  14.3
        D:5 |     389 |       0 |   0.0 |       9 |       0 |   0.0
        D:6 |     144 |       0 |   0.0 |       3 |       0 |   0.0
            +---------+---------+-------+---------+---------+-------
